MLB
CINCINNATI REDS @ MIAMI MARLINS
03/13/2020
 
TOP OF THE 1ST
Cincinnati Reds batting - Pitching for Miami Marlins : LHP Julio Urias
Pitching: LHP Julio Urias
Batting: RHB Trea Turner 0-0: Ball
1-0: Reached on error, E1 (Groundball, P, EV 43.8 MPH)
Batting: SHB Adalberto Mondesi 0-0: Called Strike
0-1: Ball
1-1: Ball
2-1: Foul Ball, location: 2F
2-2: Foul Ball, location: 2F
2-2: Strikes out swinging
Batting: RHB Gio Urshela 0-0: Ball
1-0: Foul Ball, location: 2F
1-1: Ball
2-1: SINGLE (Line Drive, 78S, EV 102.5 MPH)
Trea Turner to third
Batting: LHB Joey Gallo 0-0: Called Strike
0-1: Swinging Strike
0-2: Ball
1-2: Strikes out swinging
Batting: RHB Phillip Ervin 0-0: Called Strike
0-1: Swinging Strike
0-2: Strikes out swinging
Top of the 1st over - 0 runs, 1 hit, 1 error, 2 left on base; Cincinnati 0 - Miami 0
BOTTOM OF THE 1ST
Miami Marlins batting - Pitching for Cincinnati Reds : LHP Daniel Norris
Pitching: LHP Daniel Norris
Batting: SHB Francisco Lindor 0-0: Ball
1-0: DOUBLE (Flyball, 8RXD, EV 100.6 MPH)
Batting: RHB Mike Trout 0-0: Ball
1-0: Ground out 6-3 (Groundball, 6, EV 90.0 MPH)
Francisco Lindor to third
Batting: RHB Javier Baez 0-0: Ground out 5-3 (Groundball, 56, EV 108.1 MPH)
Francisco Lindor scores
Batting: RHB Jordan Luplow 0-0: Ball
1-0: Ball
2-0: Foul Ball, location: 2F
2-1: Ball
3-1: Base on Balls
Batting: RHB Miguel Andujar 0-0: Fly out, F7 (Flyball, 7LS, EV 92.5 MPH)
Bottom of the 1st over - 1 run, 1 hit, 0 errors, 1 left on base; Cincinnati 0 - Miami 1
TOP OF THE 2ND
Cincinnati Reds batting - Pitching for Miami Marlins : LHP Julio Urias
Batting: RHB Rene Rivera 0-0: Ball
1-0: Swinging Strike
1-1: Foul Ball, location: 2F
1-2: Strikes out swinging
Batting: RHB Chad Pinder 0-0: Ball
1-0: Called Strike
1-1: Ball
2-1: Ball
3-1: Base on Balls
Batting: LHB Robinson Cano 0-0: Grounds into double play, 3-6-1 (Groundball, 3, EV 104.4 MPH)
Top of the 2nd over - 0 runs, 0 hits, 0 errors, 0 left on base; Cincinnati 0 - Miami 1
BOTTOM OF THE 2ND
Miami Marlins batting - Pitching for Cincinnati Reds : LHP Daniel Norris
Batting: LHB Kyle Tucker 0-0: Called Strike
0-1: Ball
1-1: Ball
2-1: Ball
3-1: Base on Balls
Batting: RHB C.J. Cron 0-0: SINGLE (Line Drive, 8LS, EV 99.4 MPH)
Kyle Tucker to second
Batting: LHB Chance Sisco 0-0: Ball
1-0: Ball
2-0: Fly out, F7 (Flyball, 78M, EV 96.9 MPH)
Batting: LHB Julio Urias 0-0: Ball
1-0: Bunt - Flyout to 2R! F2
Batting: SHB Francisco Lindor 0-0: Ball
1-0: Fly out, F9 (Flyball, 9LM, EV 89.4 MPH)
Bottom of the 2nd over - 0 runs, 1 hit, 0 errors, 2 left on base; Cincinnati 0 - Miami 1
TOP OF THE 3RD
Cincinnati Reds batting - Pitching for Miami Marlins : LHP Julio Urias
Batting: LHB Daniel Norris 0-0: Ball
1-0: Called Strike
1-1: Ball
2-1: Ball
3-1: Foul Ball, location: 2F
3-2: Strikes out swinging
Batting: RHB Trea Turner 0-0: Swinging Strike
0-1: Ball
1-1: Swinging Strike
1-2: Ball
2-2: Strikes out swinging
Batting: SHB Adalberto Mondesi 0-0: Ball
1-0: Ball
2-0: Called Strike
2-1: SINGLE (Groundball, 5D, EV 94.4 MPH)
Batting: RHB Gio Urshela 0-0: Ball
1-0: Called Strike
1-1: Swinging Strike
1-2: Foul Ball, location: 2F
1-2: Strikes out swinging
Top of the 3rd over - 0 runs, 1 hit, 0 errors, 1 left on base; Cincinnati 0 - Miami 1
BOTTOM OF THE 3RD
Miami Marlins batting - Pitching for Cincinnati Reds : LHP Daniel Norris
Batting: RHB Mike Trout 0-0: Ball
1-0: Ball
2-0: Ball
3-0: Base on Balls
Batting: RHB Javier Baez 0-0: Fly out, F9 (Flyball, 9S, EV 85.0 MPH)
Batting: RHB Jordan Luplow 0-0: Ball
1-0: Foul Ball, location: 2F
1-1: Ball
2-1: Ball
3-1: Foul Ball, location: 2F
3-2: Fly out, F3 (Popup, 23, EV 81.3 MPH)
Batting: RHB Miguel Andujar 0-0: Called Strike
0-1: Foul Ball, location: 2F
0-2: DOUBLE (Line Drive, 8LD, EV 99.4 MPH)
Mike Trout to third
Batting: LHB Kyle Tucker 0-0: Ball
1-0: Swinging Strike
1-1: Ball
2-1: Called Strike
2-2: Ball
3-2: Base on Balls
Batting: RHB C.J. Cron 0-0: Ball
1-0: Called Strike
1-1: Ball
2-1: Swinging Strike
2-2: Ground out 5-3 (Groundball, 56, EV 91.3 MPH)
Bottom of the 3rd over - 0 runs, 1 hit, 0 errors, 3 left on base; Cincinnati 0 - Miami 1
TOP OF THE 4TH
Cincinnati Reds batting - Pitching for Miami Marlins : LHP Julio Urias
Batting: LHB Joey Gallo 0-0: Ball
1-0: Swinging Strike
1-1: Swinging Strike
1-2: Foul Ball, location: 2F
1-2: Ball
2-2: Ball
3-2: SOLO HOME RUN (Line Drive, 89XD, EV 106.9 MPH), Distance : 427 ft
Batting: RHB Phillip Ervin 0-0: Called Strike
0-1: Ball
1-1: Ball
2-1: Swinging Strike
2-2: Ball
3-2: Foul Ball, location: 2F
3-2: Base on Balls
Batting: RHB Rene Rivera 0-0: Ball
1-0: Swinging Strike
1-1: Swinging Strike
1-2: Ball
2-2: Strikes out swinging
Batting: RHB Chad Pinder 0-0: Called Strike
0-1: Grounds into double play, 6-4-3 (Groundball, 6D, EV 98.1 MPH)
Top of the 4th over - 1 run, 1 hit, 0 errors, 0 left on base; Cincinnati 1 - Miami 1
BOTTOM OF THE 4TH
Miami Marlins batting - Pitching for Cincinnati Reds : LHP Daniel Norris
Batting: LHB Chance Sisco 0-0: Ball
1-0: Ball
2-0: Foul Ball, location: 2F
2-1: Foul Ball, location: 2F
2-2: Ball
3-2: Strikes out swinging
Pinch Hitting: LHB Christin Stewart 0-0: Called Strike
0-1: Ball
1-1: Ball
2-1: Called Strike
2-2: Strikes out swinging
Batting: SHB Francisco Lindor 0-0: Swinging Strike
0-1: Ball
1-1: Swinging Strike
1-2: Ground out 6-3 (Groundball, 56, EV 96.9 MPH)
Bottom of the 4th over - 0 runs, 0 hits, 0 errors, 0 left on base; Cincinnati 1 - Miami 1
TOP OF THE 5TH
Cincinnati Reds batting - Pitching for Miami Marlins : LHP Julio Urias
Pitching: RHP Emmanuel Clase
Batting: LHB Robinson Cano 0-0: Called Strike
0-1: Swinging Strike
0-2: Ball
1-2: Ground out 6-3 (Groundball, 6D, EV 103.1 MPH)
Pinch Hitting: RHB Kevin Newman 0-0: Foul Ball, location: 2F
0-1: Swinging Strike
0-2: Ball
1-2: Strikes out looking
Batting: RHB Trea Turner 0-0: Called Strike
0-1: Ball
1-1: Foul Ball, location: 2F
1-2: Strikes out swinging
Top of the 5th over - 0 runs, 0 hits, 0 errors, 0 left on base; Cincinnati 1 - Miami 1
BOTTOM OF THE 5TH
Miami Marlins batting - Pitching for Cincinnati Reds : LHP Daniel Norris
Pitching: RHP Edgar Santana
Batting: RHB Mike Trout 0-0: Ball
1-0: Called Strike
1-1: Called Strike
1-2: Foul Ball, location: 2F
1-2: Hit by Pitch
Batting: RHB Javier Baez 0-0: Ball
1-0: Foul Ball, location: 2F
1-1: Ball
2-1: Swinging Strike
2-2: Strikes out swinging
Batting: RHB Jordan Luplow 0-0: Ball
1-0: Foul Ball, location: 2F
1-1: Called Strike
1-2: Strikes out swinging
Batting: RHB Miguel Andujar 0-0: Called Strike
Mike Trout steals 2nd base
0-1: Ball
1-1: Ball
2-1: Fly out, F7 (Flyball, 7, EV 93.8 MPH)
Bottom of the 5th over - 0 runs, 0 hits, 0 errors, 1 left on base; Cincinnati 1 - Miami 1
TOP OF THE 6TH
Cincinnati Reds batting - Pitching for Miami Marlins : RHP Emmanuel Clase
Batting: SHB Adalberto Mondesi 0-0: Ball
1-0: Foul Ball, location: 2F
1-1: Swinging Strike
1-2: Ball
2-2: Foul Ball, location: 2F
2-2: Foul Ball, location: 2F
2-2: Ball
3-2: Foul Ball, location: 2F
3-2: Strikes out looking
Pitching: RHP Triston McKenzie
Batting: RHB Gio Urshela 0-0: Called Strike
0-1: Ball
1-1: Ball
2-1: Ball
3-1: Fly out, F9 (Line Drive, 9, EV 101.9 MPH)
Batting: LHB Joey Gallo 0-0: Ball
1-0: Called Strike
1-1: Ball
2-1: Foul Ball, location: 2F
2-2: Strikes out swinging, 2-3 out at first.
Top of the 6th over - 0 runs, 0 hits, 0 errors, 0 left on base; Cincinnati 1 - Miami 1
BOTTOM OF THE 6TH
Miami Marlins batting - Pitching for Cincinnati Reds : RHP Edgar Santana
Batting: LHB Kyle Tucker 0-0: Ball
1-0: Reached on error, E1 (Groundball, 15S, EV 43.8 MPH)
Batting: RHB C.J. Cron 0-0: Ball
1-0: Called Strike
1-1: Ball
2-1: DOUBLE (Flyball, 8LXD, EV 104.4 MPH)
Kyle Tucker scores
Batting: LHB Chance Sisco 0-0: Swinging Strike
0-1: Swinging Strike
0-2: Ball
1-2: Strikes out swinging
Batting: RHB Triston McKenzie 0-0: Called Strike
0-1: Swinging Strike
0-2: Strikes out swinging
Pinch Hitting: SHB Rey Navarro 0-0: DOUBLE (Line Drive, 5D, EV 99.4 MPH)
C.J. Cron scores
Pinch Hitting: RHB Ryan McKenna 0-0: Called Strike
0-1: Swinging Strike
0-2: Ball
1-2: Ball
2-2: Foul Ball, location: 2F
2-2: Fly out, F7 (Flyball, 7, EV 82.5 MPH)
Bottom of the 6th over - 2 runs, 2 hits, 1 error, 1 left on base; Cincinnati 1 - Miami 3
TOP OF THE 7TH
Cincinnati Reds batting - Pitching for Miami Marlins : RHP Triston McKenzie
Now at 2B: Rey Navarro
Now in CF: Daz Cameron
Batting: RHB Phillip Ervin 0-0: Ball
1-0: Ball
2-0: SOLO HOME RUN (Flyball, 8LXD, EV 99.4 MPH), Distance : 456 ft
Batting: RHB Rene Rivera 0-0: Ball
1-0: Ground out 1-3 (Groundball, 34S, EV 85.0 MPH)
Batting: RHB Chad Pinder 0-0: Ball
1-0: Called Strike
1-1: Ball
2-1: Foul Ball, location: 2F
2-2: SINGLE (Line Drive, 8LS, EV 99.4 MPH)
Batting: LHB Robinson Cano Balk!
Chad Pinder to second
0-0: Ball
1-0: Ball
2-0: Called Strike
2-1: Ball
3-1: Called Strike
3-2: Base on Balls
Pinch Hitting: LHB Gregory Polanco 0-0: Ball
1-0: Called Strike
1-1: SINGLE (Flyball, 8LS, EV 91.3 MPH)
Chad Pinder to third
Robinson Cano to second
Runner from 3rd tries for Home, SAFE, no throw by CF
Pitching: RHP Blake Treinen
Pinch Hitting: SHB Gabriel Mejia 0-0: Swinging Strike
0-1: Ball
1-1: Foul Ball, location: 2F
1-2: Strikes out swinging
Batting: SHB Adalberto Mondesi 0-0: Called Strike
0-1: Ball
1-1: Foul Ball, location: 2F
1-2: Strikes out swinging
Top of the 7th over - 2 runs, 3 hits, 0 errors, 2 left on base; Cincinnati 3 - Miami 3
BOTTOM OF THE 7TH
Miami Marlins batting - Pitching for Cincinnati Reds : RHP Edgar Santana
Pitching: RHP Raisel Iglesias
Now in CF: Gabriel Mejia
Batting: RHB Javier Baez 0-0: Called Strike
0-1: Ball
1-1: Foul Ball, location: 2F
1-2: Strikes out swinging
Pinch Hitting: RHB Tyrone Taylor 0-0: Called Strike
0-1: Foul Ball, location: 2F
0-2: Ball
1-2: Strikes out swinging
Batting: RHB Miguel Andujar 0-0: Ball
1-0: Fly out, F8 (Flyball, 8RD, EV 94.4 MPH)
Bottom of the 7th over - 0 runs, 0 hits, 0 errors, 0 left on base; Cincinnati 3 - Miami 3
TOP OF THE 8TH
Cincinnati Reds batting - Pitching for Miami Marlins : RHP Blake Treinen
Pitching: RHP Jordan Hicks
Now in RF: Tyrone Taylor
Batting: RHB Gio Urshela 0-0: Called Strike
0-1: Ball
1-1: Foul Ball, location: 2F
1-2: Ball
2-2: Ground out 6-3 (Groundball, 6, EV 101.3 MPH)
Batting: LHB Joey Gallo 0-0: Ball
1-0: Ball
2-0: Fly out, F9 (Flyball, 9, EV 91.9 MPH)
Pinch Hitting: RHB Jaylin Davis 0-0: Called Strike
0-1: Ball
1-1: Ball
2-1: Ball
3-1: Called Strike
3-2: Foul Ball, location: 2F
3-2: Strikes out swinging
Top of the 8th over - 0 runs, 0 hits, 0 errors, 0 left on base; Cincinnati 3 - Miami 3
BOTTOM OF THE 8TH
Miami Marlins batting - Pitching for Cincinnati Reds : RHP Raisel Iglesias
Pitching: RHP Will Vest
Now in RF: Jaylin Davis
Pinch Hitting: LHB Nick Williams 0-0: Called Strike
0-1: Ball
1-1: Foul Ball, location: 2F
1-2: Ball
2-2: DOUBLE (Line Drive, 7LS, EV 99.4 MPH)
Batting: RHB C.J. Cron 0-0: Called Strike
0-1: Foul Ball, location: 2F
0-2: Fly out, F8 (Flyball, 8LD, EV 100.6 MPH)
Batting: LHB Chance Sisco 0-0: Called Strike
0-1: Called Strike
0-2: 2-RUN HOME RUN (Flyball, 7LD, EV 86.9 MPH), Distance : 375 ft
Pinch Hitting: LHB Max Kepler 0-0: Ball
1-0: Ball
2-0: Ball
3-0: Base on Balls
Batting: SHB Rey Navarro 0-0: Ball
1-0: Called Strike
1-1: SINGLE (Line Drive, 78M, EV 95.0 MPH)
Max Kepler to second
Batting: RHB Daz Cameron 0-0: Foul Ball, location: 2F
0-1: Swinging Strike
0-2: Ball
1-2: Strikes out swinging
Batting: RHB Javier Baez 0-0: Ball
1-0: Foul Ball, location: 2F
1-1: Ball
2-1: Called Strike
2-2: Strikes out swinging
Bottom of the 8th over - 2 runs, 3 hits, 0 errors, 2 left on base; Cincinnati 3 - Miami 5
TOP OF THE 9TH
Cincinnati Reds batting - Pitching for Miami Marlins : RHP Jordan Hicks
Pitching: RHP Ian Kennedy
Now in LF: Nick Williams
Pinch Hitting: RHB Tomas Nido 0-0: Called Strike
0-1: Called Strike
0-2: Ball
1-2: Ball
2-2: Strikes out swinging
Pinch Hitting: LHB Dustin Fowler 0-0: Called Strike
0-1: Foul Ball, location: 2F
0-2: Ball
1-2: Ball
2-2: Ball
3-2: Foul Ball, location: 2F
3-2: Strikes out swinging
Pinch Hitting: LHB Tony Wolters 0-0: Ball
1-0: Foul Ball, location: 2F
1-1: Ball
2-1: Ball
3-1: Swinging Strike
3-2: Fly out, F7 (Flyball, 78D, EV 101.9 MPH)
Top of the 9th over - 0 runs, 0 hits, 0 errors, 0 left on base; Cincinnati 3 - Miami 5
Wednesday, May 6th, 2020 - OOTP Baseball 21.3 Build 48